 Dungeon Crawl Stone Soup version 0.23.1-37-gaa34b87b72 (webtiles) character file.

Game seed: 805326675801583264

91952 Peloso the Peltast (level 15, 0/141 HPs)
             Began as a Minotaur Fighter on Mar 22, 2019.
             Was the Champion of Okawaru.
             Slain by an orc warrior
             ... wielding a +0 trident
             ... led by an orc high priest
              (16 damage)
             ... on level 12 of the Dungeon.
             The game lasted 01:03:31 (26256 turns).

Peloso the Peltast (Minotaur Fighter)              Turns: 26256, Time: 01:03:31

Health: 0/141      AC: 24    Str: 25    XL:     15   Next: 56%
Magic:  15/15      EV: 13    Int: 10    God:    Okawaru [******]
Gold:   1907       SH: 16    Dex: 23    Spells: 14/14 levels left

rFire    . . .     SeeInvis +   a - +8 scimitar of Deafise {venom, Dex+3 SInv}
rCold    . . .     Gourm    .   J - +0 shield {reflect}
rNeg     . . .     Faith    .   w - +3 chain mail {rPois}
rPois    +         Spirit   .   j - +1 hat
rElec    +         Reflect  +   z - +1 cloak of the World {Int+5 Dex+3}
rCorr    .         Harm     .   H - +2 pair of gloves {Dex+3}
MR       +....                  A - +0 pair of boots
Stlth    ..........             (no amulet)
HPRegen  0.33/turn              y - ring of the Forsaken Allies {rElec SInv}
MPRegen  0.14/turn              E - ring "Gaeditz" {rElec Dex+2}

@: very slightly contaminated, lightly drained
A: retaliatory headbutt, horns 2
a: Heroism, Finesse, Renounce Religion


You were on level 12 of the Dungeon.
You worshipped Okawaru.
Okawaru was exalted by your worship.
You were very hungry.

You visited 4 branches of the dungeon, and saw 23 of its levels.
You also visited: Gauntlet.

You collected 1907 gold pieces.

Inventory:

Hand Weapons
 a - the +8 scimitar of Deafise (weapon) {venom, Dex+3 SInv}
   (Okawaru gifted it to you on level 6 of the Lair of Beasts)

   It poisons the flesh of those it strikes.
   It affects your dexterity (+3).
   It lets you see invisible.
 b - a +2 scimitar of flaming
Armour
 j - a +1 hat (worn)
 q - a scarf of cloud immunity
 w - a +3 chain mail of poison resistance (worn)
 z - the +1 cloak of the World (worn) {Int+5 Dex+3}
   (Okawaru gifted it to you on level 1 of the Lair of Beasts)

   It affects your intelligence (+5).
   It affects your dexterity (+3).
 A - a +0 pair of boots (worn)
 D - a +2 pair of gloves
 H - a +2 pair of gloves of dexterity (worn)
 J - a +0 shield of reflection (worn)
 O - a scarf of resistance
 P - +0 fire dragon scales
Jewellery
 i - an uncursed ring of resist corrosion
 k - an uncursed ring of protection from cold
 m - an uncursed ring of flight
 v - a cursed amulet of guardian spirit {unknown}
 x - an uncursed ring of poison resistance
 y - the ring of the Forsaken Allies (left hand) {rElec SInv}
   (You found it in a Gauntlet)

   [ring of see invisible]

   It insulates you from electricity.
   It lets you see invisible.
 E - the ring "Gaeditz" (right hand) {rElec Dex+2}
   (You found it in a Gauntlet)

   [ring of dexterity]

   It affects your dexterity (+2).
   It insulates you from electricity.
 T - an uncursed ring of stealth {unknown}
Wands
 I - a wand of polymorph (9)
 M - a wand of digging (2)
Scrolls
 g - a scroll of fear
 h - 3 scrolls of blinking
 o - 3 scrolls of fog
 p - 3 scrolls of magic mapping
 r - 9 scrolls of remove curse
 s - 4 scrolls of enchant weapon {unknown}
 t - 6 scrolls of teleportation
 u - 5 scrolls of amnesia
 B - 2 scrolls of noise
 K - 2 scrolls of summoning
 V - 2 scrolls of silence
Potions
 c - a potion of mutation
 d - 3 potions of might
 e - 10 potions of curing
 l - a potion of heal wounds
 n - a potion of invisibility
 C - 3 potions of flight
 N - a potion of agility
 Q - a potion of haste
 R - a potion of berserk rage
Miscellaneous
 F - a lightning rod (4/4)
 G - a phial of floods
Comestibles
 f - 44 rations


   Skills:
 + Level 15.3(14.7) Fighting
 + Level 16.5(15.9) Long Blades
   Level 3.0(2.5) Maces & Flails
 + Level 14.2(13.6) Armour
 + Level 6.6(6.0) Dodging
 + Level 2.2(1.7) Stealth
 + Level 17.0(16.4) Shields
 + Level 2.3(1.8) Invocations
 + Level 0.5(0.1) Evocations


You had 14 spell levels left.
You didn't know any spells.
Your spell library contained the following spells:

 Spells                   Type           Power        Failure   Level  Hunger
 Animate Skeleton         Necr           N/A          85%         1    ##.....
 Apportation              Tloc           #.....       85%         1    ##.....
 Beastly Appendage        Tmut           #.....       85%         1    ##.....
 Confusing Touch          Hex            #.....       85%         1    ##.....
 Flame Tongue             Conj/Fire      #....        85%         1    ##.....
 Magic Dart               Conj           #...         85%         1    ##.....
 Summon Butterflies       Summ           #.......     85%         1    ##.....
 Summon Small Mammal      Summ           #...         85%         1    ##.....
 Poisonous Vapours        Pois/Air       #.....       94%         2    ###....
 Searing Ray              Conj           #.....       94%         2    ###....
 Sticks to Snakes         Tmut           #.......     94%         2    ###....
 Throw Flame              Conj/Fire      #.....       94%         2    ###....
 Call Canine Familiar     Summ           #.......     99%         3    ####...
 Confuse                  Hex            #.......     99%         3    ####...
 Conjure Flame            Conj/Fire      #.......     99%         3    ####...
 Dazzling Spray           Conj/Hex       #.....       99%         3    ####...
 Gell's Gravitas          Tloc           #.........   99%         3    ####...
 Inner Flame              Hex/Fire       #.......     99%         3    ####...
 Mephitic Cloud           Conj/Pois/Air  #.......     99%         3    ####...
 Spider Form              Tmut/Pois      #.........   99%         3    ####...
 Force Lance              Conj/Tloc      #.......     100%        4    #####..
 Fulminant Prism          Conj/Hex       #.........   100%        4    #####..
 Ice Form                 Ice/Tmut       #.......     100%        4    #####..
 Iskenderun's Mystic Bla  Conj           #.......     100%        4    #####..
 Petrify                  Tmut/Erth      #.......     100%        4    #####..
 Sticky Flame             Conj/Fire      #.......     100%        4    #####..
 Summon Ice Beast         Ice/Summ       #.......     100%        4    #####..
 Blade Hands              Tmut           #.........   100%        5    ######.
 Fireball                 Conj/Fire      #.........   100%        5    ######.
 Metabolic Englaciation   Hex/Ice        #.........   100%        5    ######.
 Summon Mana Viper        Hex/Summ       #.......     100%        5    ######.
 Yara's Violent Unravell  Hex/Tmut       #.........   100%        5    ######.
 Freezing Cloud           Conj/Ice/Air   #.........   100%        6    #######
 Ring of Flames           Chrm/Fire      #.........   100%        7    #######
 Summon Hydra             Summ           #.........   100%        7    #######


Dungeon Overview and Level Annotations

Branches:
Dungeon (15/15)            Temple (1/1) D:6            Lair (6/6) D:9
  Swamp (0/4) Lair:4       Spider (0/4) Lair:3        Slime (0/5) Lair:6
    Orc (1/2) D:12         Vaults (0/5) D:14         Depths (0/5) D:15

Altars:
Ashenzari
Fedhas
Gozag
Hepliaklqana
Kikubaaqudgha
Makhleb
Nemelex Xobeh
Okawaru
Qazlal
Ru
Sif Muna
Trog
Uskayaw
Vehumet
Wu Jian
Xom
Yredelemnul
Zin
The Shining One
Beogh
Jiyva

Shops:
D:4 =   D:10 [   D:14 (   D:15 (

Portals:
Hell: Lair:6


Innate Abilities, Weirdness & Mutations

You reflexively headbutt those who attack you in melee.
You have a pair of horns on your head.


Message History

You block the orc wizard's attack.
The orc sorcerer gestures at you while chanting.
The bolt of negative energy hits you!
You feel drained.
* * * LOW HITPOINT WARNING * * *
You climb upwards.
Welcome back to the Dungeon!
The soul eater disappears in a puff of smoke!
The ynoxinul disappears in a puff of smoke!
There is a staircase to the Orcish Mines here.
You feel better. You block the orc warrior's attack.
The orc wizard hits you but does no damage.
The orc sorcerer casts a spell at you. The bolt of fire hits you!
* * * LOW HITPOINT WARNING * * *
Blink to where?
Press: ? - help, Dir - move target cursor You are very lightly contaminated with residual magic.
As you read the scroll of blinking, it crumbles to dust.
You feel better.
The orc warrior hits you from afar with a +0 trident!
You die...

# #.....#....## ##.###.#
###.._..'..>..# ###.....#
..#.....#.....### #...###.#
###.....#8......### ####..###..
###########.#o###.# #.......#..
##..........#o#.#.# #.##.....#.
########.....o.#.#####.##.##....
#.......#..............#.
#.......@..##########..#.
#.....#.##.# #.##. #.....#.##.#
#.##. #.....#....# ####. ######
#.....###### ## .....# #.#####
#.#### #.# #.#######.#
#.........#


You could see an orc sorcerer, an orc warrior and an orc wizard (invisible).

Vanquished Creatures
  Frances (D:12)
  2 dire elephants (Lair:6)
  A minotaur (Gauntlet)
  2 fire dragons (D:15)
  4 vault guards (D:14)
  Fannar (D:10)
  3 hydras
  An ice dragon (D:15)
  A catoblepas (D:13)
  A centaur warrior (D:15)
  9 two-headed ogres
  An orc high priest (Orc:1)
  A tengu warrior (D:13)
  2 death scarabs (Gauntlet)
  Urug (Lair:5)
  A sun demon (Lair:6)
  Nergalle (D:10)
  A sixfirhy (Gauntlet)
  2 unseen horrors
  2 wizards
  2 orc knights (D:15)
  3 harpies (D:13)
  5 ugly things
  7 cyclopes
  10 slime creatures
  14 elephants
  2 centaur zombies
  A black mamba (shapeshifter) (D:14)
  A black mamba (Lair:2)
  Psyche (D:11)
  2 gargoyles
  A smoke demon (Lair:6)
  11 spiny frogs
  A torpor snail (Lair:6)
  3 orange demons (Lair:6)
  3 yaktaurs (D:15)
  10 komodo dragons
  3 kobold demonologists (D:15)
  5 centaur skeletons
  3 rime drakes (Lair:6)
  A komodo dragon (shapeshifter) (D:15)
  2 ice devils (Lair:6)
  A red devil (Lair:6)
  4 trolls
  6 polar bears (D:10)
  Prince Ribbit (D:9)
  31 blink frogs
  12 hippogriffs
  A dream sheep (D:10)
  A bog body (Lair:4)
  A redback (Lair:3)
  2 wraiths
  3 wyverns
  2 spectral black mambas (Gauntlet)
  Eustachio (D:6)
  2 hogs (D:10)
  2 spectral komodo dragons (Gauntlet)
  7 basilisks
  3 large abominations (Gauntlet)
  50 yaks
  A hungry ghost (D:12)
  Menkaure (D:6)
  A warg (D:15)
  An acid dragon (D:13)
  9 water moccasins
  3 hell hounds (Lair:6)
  8 porcupines
  8 orc warriors
  2 eyes of draining
  3 sky beasts
  4 black bears
  A necrophage (D:10)
  8 ice beasts
  2 phantoms
  10 ogres
  35 wolves
  7 centaurs
  19 crocodiles
  7 big kobolds
  3 small abominations (Gauntlet)
  21 bullfrogs
  6 scorpions
  15 killer bees
  11 wights
  3 howler monkeys
  8 crimson imps
  3 jellies
  2 quasits
  3 bullfrog zombies
  11 hounds
  Crazy Yiuf (D:6)
  A gnoll shaman (D:9)
  5 bullfrog skeletons
  11 orc priests
  17 orc wizards
  Ijyb (D:3)
  Natasha (thrice) (D:6)
  7 iguanas
  7 worker ants
  A hound zombie (D:6)
  2 hound skeletons
  4 gnolls (D:9)
  A howler monkey skeleton (D:6)
  11 adders
  8 shadow imps
  3 ufetubi (Gauntlet)
  An ooze (D:6)
  An adder skeleton (D:6)
  2 adder zombies
  2 worms
  2 dart slugs
  6 leopard geckos
  57 orcs
  A ball python (D:1)
  10 giant cockroaches
  2 gnoll zombies (D:2)
  8 goblins
  9 hobgoblins
  11 jackals
  34 kobolds
  7 quokkas
  7 bats
  4 frilled lizards
  A leopard gecko skeleton (D:6)
  A quokka skeleton (D:9)
  A quokka zombie (D:9)
  9 rats
  4 fungi
  24 plants
  A withered plant (D:13)
763 creatures vanquished.

Vanquished Creatures (others)
  An ogre mage (D:15)
  A yaktaur (D:15)
  A centaur (D:15)
  22 fungi
  10 plants
35 creatures vanquished.

Grand Total: 798 creatures vanquished

Notes
Turn   | Place    | Note
-------+----------+-------------------------------------------
     0 | D:1      | Peloso the Minotaur Fighter began the quest for the Orb.
     0 | D:1      | Reached XP level 1. HP: 19/19 MP: 0/0
   107 | D:1      | Reached XP level 2. HP: 26/27 MP: 1/1
   407 | D:1      | Reached skill level 4 in Shields
   578 | D:1      | Reached XP level 3. HP: 32/33 MP: 2/2
   817 | D:2      | Reached skill level 1 in Dodging
   869 | D:2      | Reached XP level 4. HP: 40/40 MP: 3/3
   905 | D:2      | Found an opulent altar of Gozag.
  1356 | D:2      | Found a basalt altar of Yredelemnul.
  1533 | D:3      | Noticed Natasha
  1535 | D:3      | Noticed Ijyb
  1555 | D:2      | Reached XP level 5. HP: 34/47 MP: 4/4
  1924 | D:3      | Killed Ijyb
  2726 | D:3      | Found a deep blue altar of Sif Muna.
  2744 | D:3      | Reached XP level 6. HP: 50/53 MP: 5/5
  2931 | D:4      | Reached skill level 5 in Long Blades
  3118 | D:4      | Reached skill level 5 in Armour
  3123 | D:4      | Reached skill level 5 in Shields
  3218 | D:4      | Found a hazy altar of Hepliaklqana.
  3218 | D:4      | Found a stormy altar of Qazlal.
  3363 | D:4      | Found a shimmering altar of Xom.
  3363 | D:4      | Found an ancient bone altar of Kikubaaqudgha.
  3371 | D:4      | Found Pekhom's Jewellery Shoppe.
  3386 | D:4      | Reached XP level 7. HP: 10/60 MP: 6/6
  4173 | D:5      | Entered Level 5 of the Dungeon
  4367 | D:5      | Reached skill level 5 in Fighting
  4428 | D:5      | Got a translucent flail
  4429 | D:5      | Identified the +8 flail of Unreason {freeze, +Fly Str-3
                  | Dex+10} (You found it on level 5 of the Dungeon)
  4751 | D:6      | Found a staircase to the Ecumenical Temple.
  4756 | D:6      | Killed Natasha
  4788 | Temple   | Entered the Ecumenical Temple
  4848 | Temple   | Became a worshipper of Warmaster Okawaru
  4925 | D:6      | Noticed Eustachio
  4926 | D:6      | Noticed Natasha
  4935 | D:6      | Killed Eustachio
  4935 | D:6      | Reached skill level 1 in Maces & Flails
  4938 | D:6      | Reached skill level 6 in Shields
  4939 | D:6      | Killed Natasha
  4939 | D:6      | Reached XP level 8. HP: 30/69 MP: 7/7
  5142 | D:6      | Noticed Menkaure
  5148 | D:6      | Killed Menkaure
  5232 | D:6      | Found a runed translucent door.
  5233 | D:6      | Noticed Crazy Yiuf
  5446 | D:6      | Reached * piety under Okawaru
  5462 | D:6      | Noticed Natasha
  5473 | D:6      | Killed Natasha
  5522 | D:6      | Reached skill level 7 in Shields
  5779 | D:6      | Reached XP level 9. HP: 36/78 MP: 8/8
  6046 | D:6      | Killed Crazy Yiuf
  6218 | D:7      | Found a bloodstained altar of Trog.
  6315 | D:7      | Reached ** piety under Okawaru
  6979 | D:8      | Noticed a troll
  6989 | D:8      | Killed a troll
  7015 | D:8      | Reached skill level 1 in Stealth
  7048 | D:8      | Noticed a brown ugly thing
  7063 | D:8      | Killed a brown ugly thing
  7063 | D:8      | Reached skill level 8 in Shields
  8069 | D:9      | Reached *** piety under Okawaru
  8069 | D:9      | Reached XP level 10. HP: 58/88 MP: 9/9
  8113 | D:9      | Reached skill level 10 in Long Blades
  8363 | D:9      | Found a staircase to the Lair.
  8518 | D:9      | Noticed a two-headed ogre
  8527 | D:9      | Killed a two-headed ogre
  8527 | D:9      | Reached **** piety under Okawaru
  8527 | D:9      | Reached skill level 9 in Shields
  8742 | D:9      | Noticed Prince Ribbit
  8759 | D:9      | Killed Prince Ribbit
  9433 | D:10     | Entered Level 10 of the Dungeon
  9436 | D:10     | Noticed Fannar
  9448 | D:10     | Killed Fannar
  9548 | D:10     | Found a huge runed translucent gate.
  9548 | D:10     | Found a huge runed translucent gate.
  9549 | D:10     | Found a huge runed translucent gate.
  9550 | D:10     | Found a huge runed translucent gate.
  9587 | D:10     | Found Huig's Armour Shoppe.
  9613 | D:10     | Noticed Nergalle
  9622 | D:10     | Killed Nergalle
  9622 | D:10     | Reached ***** piety under Okawaru
  9622 | D:10     | Reached skill level 10 in Shields
  9677 | D:10     | Reached XP level 11. HP: 95/95 MP: 10/10
  9727 | D:10     | Got a slimy rapier
  9728 | D:10     | Identified the +10 rapier of Etunaf {distort, *Rage rPois
                  | Dex+4 Stlth+} (You found it on level 10 of the Dungeon)
 10012 | D:10     | Reached skill level 10 in Armour
 10468 | Lair:1   | Entered Level 1 of the Lair of Beasts
 10588 | Lair:1   | Received a gift from Okawaru
 10603 | Lair:1   | Got a spiked cloak {god gift}
 10614 | Lair:1   | Identified the +1 cloak of the World {Int+5 Dex+3} (Okawaru
                  | gifted it to you on level 1 of the Lair of Beasts)
 11018 | Lair:1   | Reached skill level 11 in Shields
 11547 | Lair:1   | Reached skill level 10 in Fighting
 11585 | Lair:1   | Reached XP level 12. HP: 84/107 MP: 11/11
 11608 | Lair:1   | Noticed a four-headed hydra
 11618 | Lair:1   | Killed a one-headed hydra
 13238 | Lair:3   | Found a gate leading to a gauntlet.
 13247 | Gauntlet | Entered a Gauntlet
 13247 | Gauntlet | Found a transporter.
 13247 | Gauntlet | Found a transporter.
 13265 | Gauntlet | Found a transporter.
 13269 | Gauntlet | Found a transporter.
 13279 | Gauntlet | Found a transporter.
 13283 | Gauntlet | Found a transporter.
 13293 | Gauntlet | Found a transporter.
 13315 | Gauntlet | Found a transporter.
 13316 | Gauntlet | Noticed a death scarab
 13319 | Gauntlet | Noticed a death scarab
 13334 | Gauntlet | Found a transporter.
 13338 | Gauntlet | Found a transporter.
 13348 | Gauntlet | Found a transporter.
 13352 | Gauntlet | Found a transporter.
 13570 | Gauntlet | Reached skill level 5 in Dodging
 13635 | Gauntlet | Received a gift from Okawaru
 13912 | Gauntlet | Killed a death scarab
 13912 | Gauntlet | Reached skill level 12 in Shields
 13912 | Gauntlet | Reached skill level 1 in Invocations
 13913 | Gauntlet | Killed a death scarab
 13936 | Gauntlet | Got a smoking pewter ring
 13938 | Gauntlet | Identified the ring of the Forsaken Allies {rElec SInv}
                  | (You found it in a Gauntlet)
 14211 | Gauntlet | Noticed a minotaur
 14220 | Gauntlet | Killed a minotaur
 14227 | Gauntlet | Got a slimy granite ring
 14231 | Gauntlet | Identified the ring "Gaeditz" {rElec Dex+2} (You found it
                  | in a Gauntlet)
 14243 | Gauntlet | Got a brightly glowing hunting sling
 14244 | Gauntlet | Identified the +4 hunting sling "Ris Saur" {velocity,
                  | rPois} (You found it in a Gauntlet)
 14306 | Lair:3   | Received a gift from Okawaru
 14477 | Lair:3   | Found a hole to the Spider Nest.
 15103 | Lair:4   | Reached skill level 13 in Shields
 15103 | Lair:4   | Reached XP level 13. HP: 107/117 MP: 13/13
 15138 | Lair:4   | Found a staircase to the Swamp.
 15315 | Lair:4   | Reached ****** piety under Okawaru
 16803 | Lair:5   | Received a gift from Okawaru
 16850 | Lair:5   | Noticed Urug
 16876 | Lair:5   | Reached skill level 14 in Shields
 16899 | Lair:5   | Killed Urug
 17988 | Lair:1   | Identified a scroll of acquirement
 18287 | D:11     | Noticed Psyche
 18294 | D:11     | Killed Psyche
 19441 | D:12     | Noticed Frances
 19465 | D:12     | Killed Frances
 19830 | D:12     | Reached XP level 14. HP: 120/129 MP: 14/14
 19908 | D:12     | Reached skill level 15 in Long Blades
 19988 | D:12     | Found a staircase to the Orcish Mines.
 20002 | D:12     | Found a roughly hewn altar of Beogh.
 20365 | Lair:6   | Entered Level 6 of the Lair of Beasts
 20417 | Lair:6   | Reached skill level 15 in Shields
 21224 | Lair:6   | Received a gift from Okawaru
 21255 | Lair:6   | Found a staircase to the Slime Pits.
 21256 | Lair:6   | Found a viscous altar of Jiyva.
 21289 | Lair:6   | Got a crude scimitar {god gift}
 21290 | Lair:6   | Identified the +8 scimitar of Deafise {venom, Dex+3 SInv}
                  | (Okawaru gifted it to you on level 6 of the Lair of Beasts)
 21863 | Lair:6   | Found a burning altar of Makhleb.
 22715 | Lair:6   | Found a gateway to Hell.
 23066 | D:13     | Found a burning altar of Makhleb.
 23410 | D:13     | Reached skill level 16 in Shields
 23665 | D:14     | Found Heeten's Antique Weapon Boutique.
 23750 | D:14     | Received a gift from Okawaru
 23787 | D:14     | Found a gate to the Vaults.
 23878 | D:14     | Paralysed by a wizard for 5 turns
 24125 | D:14     | Reached XP level 15. HP: 139/139 MP: 15/15
 24287 | D:14     | Received a gift from Okawaru
 24475 | D:14     | Found a burning altar of Makhleb.
 24574 | D:15     | Entered Level 15 of the Dungeon
 24842 | D:15     | Reached skill level 15 in Fighting
 25093 | D:15     | Found a staircase to the Depths.
 25179 | D:15     | Found Raocw's Antique Weapon Shoppe.
 25611 | D:15     | Reached skill level 17 in Shields
 26215 | Orc:1    | Entered Level 1 of the Orcish Mines
 26245 | Orc:1    | Paralysed by an orc sorcerer for 4 turns
 26251 | D:12     | HP: 5/141 [orc sorcerer/bolt of fire[an orc high priest]
                  | (17)]
 26256 | D:12     | Slain by an orc warrior

Skill      XL: |  1  2  3  4  5  6  7  8  9 10 11 12 13 14 15 |
---------------+----------------------------------------------+-----
Fighting       | 4 5 6 7 8 10 11 13 14 15 | 15.3
Shields        | 4 5 6 7 8 10 11 13 14 16 17 | 17.0
Armour         | 4 5 7 8 9 10 11 12 13 14 | 14.2
Long Blades    | 3 4 5 6 7 9 11 13 14 15 16 | 16.5
Dodging        | 1 2 3 4 5 6 |  6.6
Maces & Flails | 1 3 |  3.0
Stealth        | 1 2 |  2.2
Invocations    | 2 |  2.3
Evocations     | |  0.5

Action                   |  1- 3 |  4- 6 |  7- 9 | 10-12 | 13-15 || total
-------------------------+-------+-------+-------+-------+-------++-------
Melee: Long sword        |    88 |   187 |   244 |       |       ||   519
       Headbutt          |    13 |    36 |   147 |   203 |   438 ||   837
       Flail             |       |       |    27 |       |       ||    27
       Scimitar          |       |       |   218 |   758 |  1173 ||  2149
Invok: Heroism           |       |       |     2 |     4 |     7 ||    13
       Finesse           |       |       |       |     1 |       ||     1
Evoke: Wand              |       |    10 |       |       |       ||    10
  Use: Potion            |       |     2 |     2 |     1 |     5 ||    10
       Scroll            |       |     5 |     5 |     7 |    14 ||    31
  Eat: Chunk             |       |     7 |    14 |    19 |    30 ||    70
       Ration            |       |       |     1 |     1 |     2 ||     4
Armor: Scale mail        |    46 |    75 |    64 |       |       ||   185
       Plate armour      |       |       |    66 |   285 |       ||   351
       Chain mail        |       |       |       |    55 |   456 ||   511
Dodge: Dodged            |    38 |    74 |    85 |   238 |   414 ||   849
Block: Shield            |    52 |   120 |   164 |   491 |   883 ||  1710
       Reflection        |       |       |       |       |    14 ||    14
       Rpst.: Long sword |     9 |    20 |     3 |       |       ||    32
       Scimitar          |       |       |    13 |    59 |    75 ||   147
